 Dungeon Crawl Stone Soup version 0.31.0-11-ge490571c62 (webtiles) character file.

Game seed: 16078420910610610305

116 qw the Skirmisher (level 4, -1/25 HPs)
             Began as a Deep Elf Hunter on Feb 4, 2024.
             Slain by a hobgoblin (4 damage)
             ... on level 3 of the Dungeon.
             The game lasted 00:00:06 (1623 turns).

qw the Skirmisher (Deep Elf Hunter)                 Turns: 1623, Time: 00:00:06

Health: -1/25      AC:  4    Str: 10    XL:     4   Next: 69%
Magic:  6/6        EV: 12    Int: 14    God:
Gold:   101        SH:  0    Dex: 18    Spells: 3/3 levels left

rFire   . . .        a - +0 shortbow
rCold   . . .        (shield currently unavailable)
rNeg    . . .        c - +0 leather armour
rPois   .            (no helmet)
rElec   .            (no cloak)
rCorr   .            (no gloves)
SInv    .            g - +0 pair of boots
Will    .....        (no amulet)
Stlth   ++           (no ring)
HPRegen 0.24/turn    (no ring)
MPRegen 0.10/turn

%: no passive effects
@: no status effects
A: no striking features
a: no special abilities


You were on level 3 of the Dungeon.
You visited 1 branch of the dungeon, and saw 3 of its levels.

You collected 101 gold pieces.


   Skills:
 - Level 1.5 Fighting
 + Level 8.1 Ranged Weapons
 - Level 2.4 Dodging
 - Level 1.2 Stealth


You had 3 spell levels left.
You didn't know any spells.
Your spell library was empty.

Inventory:

Hand Weapons
 a - a +0 shortbow (weapon)
Armour
 c - a +0 leather armour (worn)
 g - a +0 pair of boots (worn)
Scrolls
 f - 2 scrolls of poison {unknown}
Potions
 b - a potion of mutation
 d - 3 potions of might
 e - a potion of curing
 h - a potion of haste
 i - a potion of berserk rage {unknown}
 j - 2 potions of lignification {unknown}

Dungeon Overview and Level Annotations

Branches:
Dungeon (3/15)

Altars:
Makhleb
Xom

Shops:
D:3 :


Message History

The orc is almost dead.
You shoot an arrow. The arrow hits the orc.
You kill the orc!
You shoot an arrow. The arrow hits the orc.
The orc is heavily wounded.
You shoot an arrow.
The arrow hits the orc but does no damage.
The orc is heavily wounded.
The orc hits you with a +0 mace.
You shoot an arrow. The arrow hits the orc!
You kill the orc!
The adder closely misses you. The adder barely misses you.
You shoot an arrow. The arrow hits the adder!
The adder is severely wounded.
The hobgoblin hits you. The adder bites you but does no damage.
You shoot an arrow. The arrow barely misses the adder.
The adder bites you.
The hobgoblin hits you but does no damage.
The orc hits you with a +0 flail.
You shoot an arrow. The arrow barely misses the adder.
The adder bites you but does no damage. The hobgoblin barely misses you.
The orc hits you with a +0 flail. The adder barely misses you.
You shoot an arrow. The arrow closely misses the adder.
The hobgoblin completely misses you. The orc hits you with a +0 flail!
The adder bites you but does no damage.
You shoot an arrow. The arrow closely misses the adder.
The hobgoblin hits you but does no damage.
The orc closely misses you. The adder closely misses you.
You shoot an arrow. The arrow misses the adder.
The adder closely misses you. The hobgoblin hits you. The orc misses you.
The adder closely misses you.
You shoot an arrow. The arrow hits the adder.
The adder is almost dead.
The hobgoblin closely misses you. The orc closely misses you.
The adder bites you but does no damage.
You shoot an arrow. The arrow hits the adder!
You kill the adder!
The hobgoblin hits you but does no damage.
The orc hits you with a +0 flail! The orc misses you. The hobgoblin hits you.
You die...

#.###..##........##.#
#..##......##..#%.#..
##..#.######........#
##...# P##..........
#...# .#..........
#...# P#...)......
#...# #..........
#...#####..........
#.@..............##
#og..............##
##)......[......###
#..>...##.........
#....####..######.
#)...# ..# ## #...)#
#.. #.....


You could see an orc and a hobgoblin.

Vanquished Creatures
  An orc priest (D:3)
  2 adders
  2 dart slugs (D:1)
  3 ribbon worms (D:2)
  4 orcs (D:3)
  8 bats
  8 endoplasms
  2 giant cockroaches (D:1)
  4 goblins
  5 hobgoblins
  8 jackals
  A quokka (D:1)
  3 ball pythons
  5 frilled lizards
  3 rats
59 creatures vanquished.

Notes
Turn   | Place    | Note
-------+----------+-------------------------------------------
     0 | D:1      | qw the Deep Elf Hunter began the quest for the Orb.
     0 | D:1      | Reached XP level 1. HP: 12/12 MP: 3/3
     0 | D:1      | 0 ||| qw: Version: 0.3-a-160-g6735b56
     0 | D:1      | 0 ||| qw: Game counter: 5565
     0 | D:1      | 0 ||| qw: Melee chars always use a shield: true
     0 | D:1      | 0 ||| qw: God list: Okawaru
     0 | D:1      | 0 ||| qw: Allow faded altars: false
     0 | D:1      | 0 ||| qw: Do Orc after clearing Dungeon:15 true
     0 | D:1      | 0 ||| qw: Do second Lair branch before Depths: true
     0 | D:1      | 0 ||| qw: Lair rune preference: random
     0 | D:1      | 0 ||| qw: Goals: Normal
     0 | D:1      | 0 ||| PLANNING D:1-11
    69 | D:1      | Reached XP level 2. HP: 16/16 MP: 4/4
    72 | D:1      | Reached skill level 6 in Ranged Weapons
   580 | D:1      | Reached XP level 3. HP: 20/20 MP: 5/5
   802 | D:1      | 802 ||| READING scroll labelled CUIN METWEI.
   803 | D:1      | 803 ||| READING 4 scrolls labelled BIT ENACUJI.
   803 | D:1      | 803 ||| IDENTIFYING metallic ruby potion
   804 | D:1      | 804 ||| DROPPING scroll of butterflies.
  1034 | D:2      | Reached skill level 7 in Ranged Weapons
  1296 | D:2      | Reached XP level 4. HP: 25/25 MP: 6/6
  1306 | D:2      | Found a shimmering altar of Xom.
  1409 | D:2      | Found a faded altar of an unknown god.
  1410 | D:2      | 1410 ||| UPGRADING to +0 pair of boots.
  1415 | D:2      | 1415 ||| READING 4 scrolls of identify.
  1415 | D:2      | 1415 ||| IDENTIFYING fuming yellow potion
  1416 | D:2      | 1416 ||| READING 3 scrolls of identify.
  1416 | D:2      | 1416 ||| IDENTIFYING sedimented ruby potion
  1417 | D:2      | 1417 ||| READING 2 scrolls of identify.
  1417 | D:2      | 1417 ||| IDENTIFYING puce potion
  1418 | D:2      | 1418 ||| READING scroll of identify.
  1418 | D:2      | 1418 ||| IDENTIFYING cyan potion
  1419 | D:2      | 1419 ||| DROPPING potion of degeneration.
  1451 | D:3      | Found Magewipp's Book Emporium.
  1451 | D:3      | Noticed a walking crystal tome
  1451 | D:3      | Noticed a walking divine tome
  1592 | D:3      | Found a burning altar of Makhleb.
  1606 | D:3      | Reached skill level 8 in Ranged Weapons
  1623 | D:3      | HP: 3/25 [orc/+0 flail (7)]
  1623 | D:3      | Slain by a hobgoblin

Levels and vault maps discovered:
D:1:      heliophobic_arrival_henge, layout_basic
D:2:      layout_loops_cross, basic_altar, shapermc_ecumenical_altar_mp_vishouse
D:3:      layout_rooms, bloody_makhleb, serial_aquarium, aquarium_bridge_square
          [aquarium_subvault_bridge, aquarium_subvault_window,
          aquarium_subvault_wall, aquarium_subvault_wall],
          aquarium_window_corridor_1, aquarium_window_2, aquarium_window_double,
          aquarium_window_1, aquarium_view_2d, aquarium_pool_double,
          serial_shops, nicolae_shop_mannequins

Skill      XL: |  1  2  3  4 |
---------------+-------------+-----
Ranged Weapons | 6 7 8 |  8.1
Fighting       | |  1.5
Dodging        | |  2.4
Stealth        | |  1.2

Action                     |  1- 3 |  4- 6 || total
---------------------------+-------+-------++-------
   Fire: Shortbow          |   114 |    37 ||   151
    Use: Scroll            |     2 |     4 ||     6
 Armour: Leather armour    |    20 |    16 ||    36
  Dodge: Dodged            |    25 |    13 ||    38

Table legend:
 A = Non-vault XP
 B = Vault XP
 C = Vault XP percentage of total XP
 D = Non-vault monster count
 E = Vault monster count
 F = Vault count percentage of total count
                 A         B        C        D         E       F
            +---------+---------+-------+---------+---------+-------
      Total |     180 |       0 |   0.0 |      59 |       0 |   0.0
            +---------+---------+-------+---------+---------+-------
        D:1 |      44 |       0 |   0.0 |      23 |       0 |   0.0
        D:2 |      56 |       0 |   0.0 |      23 |       0 |   0.0
        D:3 |      80 |       0 |   0.0 |      13 |       0 |   0.0
            +---------+---------+-------+---------+---------+-------
